 Dungeon Crawl Stone Soup version 0.20.0-15-g7f486f2 (webtiles) character file.

420783 skittles the Pyromancer (level 22, -1/183 HPs)
             Began as a Red Draconian Fire Elementalist on June 17, 2017.
             Was the Champion of Vehumet.
             Killed from afar by a shadow dragon (40 damage)
             ... with a bolt of negative energy
             ... on level 5 of the Vaults on June 18, 2017.
             The game lasted 06:41:46 (68962 turns).

skittles the Pyromancer (DrFE)                     Turns: 68962, Time: 06:41:48

Health: -1/183     AC: 12    Str: 17    XL:     22   Next: 65%
Magic:  30/53      EV: 19    Int: 24    God:    Vehumet [******]
Gold:   2799       SH: 13    Dex: 14    Spells: 7/58 levels left

rFire    + + +     SeeInvis .   b - staff of energy
rCold    + . .     Gourm    .   L - +3 buckler {rC+}
rNeg     . . .     Faith    .   (armour unavailable)
rPois    .         Spirit   .   F - +2 hat {MR+}
rElec    .         Reflect  +   d - scarf {rC+ rF+}
rCorr    .         Harm     .   V - +2 pair of gloves {Str+3}
MR       ++++.                  l - +2 pair of boots {run}
Stlth    ++........             D - +4 amulet of reflection
Regen    0.4/turn               m - ring "Gusuuk" {Fire MR+ Str+2}
MPRegen  0.4/turn               x - ring of magical power

@: corroded, very slightly contaminated, hasted, studying Polearms, drained,
very quick
A: breathe fire, unfitting armour, beak, talons 1, clever 1, fire resistance 1,
magic resistance 1, shaggy fur 1, cold-blooded, AC +11
}: 2/15 runes: barnacled, gossamer
a: Breathe Fire, Renounce Religion


You were on level 5 of the Vaults.
You worshipped Vehumet.
Vehumet was exalted by your worship.
You were not hungry.

You visited 8 branches of the dungeon, and saw 40 of its levels.
You also visited: Ice Cave and Desolation.

You collected 6168 gold pieces.
You spent 3369 gold pieces at shops.

Inventory:

Hand Weapons
 a - a +8 demon trident of piercing
 C - the +1 dagger of Fear {pierce, rElec MR- Int-3 Dex+6}
   (You found it on level 3 of the Elven Halls)

   It inflicts extra damage upon your enemies.
   It affects your intelligence (-3).
   It affects your dexterity (+6).
   It insulates you from electricity.
   It affects your resistance to hostile enchantments.
Armour
 d - a scarf of resistance (worn)
 l - a +2 pair of boots of running (worn)
 F - a +2 hat of magic resistance (worn)
 L - a +3 buckler of cold resistance (worn)
 S - a +2 pair of boots of flying
 V - a +2 pair of gloves of strength (worn)
Magical Staves
 b - an uncursed staff of energy (weapon)
 j - an uncursed staff of power
Jewellery
 c - an uncursed ring of poison resistance
 m - the ring "Gusuuk" (left hand) {Fire MR+ Str+2}
   (You bought it in a shop on level 2 of the Orcish Mines)

   [ring of fire]

   It enhances your fire magic.
   It affects your strength (+2).
   It protects you from fire.
   It makes you vulnerable to cold.
   It affects your resistance to hostile enchantments.
 x - a ring of magical power (right hand)
 D - a +4 amulet of reflection (around neck)
 I - an uncursed ring of see invisible
 U - the ring of Happiness {rN+ MR+ Stlth+}
   (You took it off a deep elf high priest on level 3 of the Elven Halls)

   [ring of stealth]

   It protects you from negative energy.
   It affects your resistance to hostile enchantments.
   It makes you more stealthy.
 X - an uncursed ring of resist corrosion
Wands
 y - a wand of digging (22/24)
Scrolls
 f - 16 scrolls of remove curse
 h - 14 scrolls of teleportation
 n - a scroll of silence
 q - 7 scrolls of fog
 t - 3 scrolls of blinking
 E - 2 scrolls of amnesia
 H - a scroll of fear
 J - 4 scrolls of magic mapping
 O - 2 scrolls of vulnerability
 W - a scroll of summoning
Potions
 e - 23 potions of curing
 i - 10 potions of heal wounds
 k - 4 potions of lignification
 o - a potion of berserk rage
 s - 2 potions of invisibility
 u - 5 potions of haste
 z - a potion of magic
 A - a potion of cancellation
 N - 2 potions of brilliance
 Q - 10 potions of ambrosia
 T - 6 potions of might
Books
 p - a manual of Polearms
Miscellaneous
 g - a fan of gales
 r - a crystal ball of energy
 B - a phial of floods
 R - a phantom mirror
Comestibles
 v - 4 chunks of flesh
 K - 6 bread rations
 P - a royal jelly


   Skills:
 - Level 12.4(11.3) Fighting
 + Level 9.3(8.3) Polearms
 - Level 12.0(10.9) Dodging
 - Level 1.7(0.9) Stealth
 + Level 8.6(7.7) Shields
 + Level 18.8(17.6) Spellcasting
 + Level 21.4(20.2) Conjurations
 + Level 22.3(21.0) Fire Magic


You had 7 spell levels left.
You knew the following spells:

 Your Spells              Type           Power        Failure   Level  Hunger
a - Bolt of Fire          Conj/Fire      ########..   1%          6    None
b - Conjure Flame         Conj/Fire      ########     0%          3    None
c - Sticky Flame          Conj/Fire      ########     0%          4    None
d - Fireball              Conj/Fire      ########..   0%          5    None
e - Orb of Destruction    Conj           #######...   1%          7    None
f - Iskenderun's Battles  Conj/Chrm      ######..     1%          5    None
g - Freezing Cloud        Conj/Ice/Air   ######....   6%          6    None
h - Mephitic Cloud        Conj/Pois/Air  ######..     1%          3    None
i - Fire Storm            Conj/Fire      ########..   10%         9    None
j - Flame Tongue          Conj/Fire      #####        0%          1    None
k - Blink                 Tloc           N/A          3%          2    None


Dungeon Overview and Level Annotations

Branches:
Dungeon (15/15)            Temple (1/1) D:7            Lair (6/6) D:11
 Shoals (4/4) Lair:2       Spider (4/4) Lair:4        Slime (0/5) Lair:6
    Orc (2/2) D:11            Elf (3/3) Orc:2        Vaults (5/5) D:14
  Crypt (0/3) Vaults:2     Depths (0/5) D:15

Altars:
Elyvilon
Fedhas
Makhleb
Nemelex Xobeh
Okawaru
Ru
Sif Muna
Uskayaw
Vehumet
Xom
Yredelemnul
Zin
The Shining One

Shops:
D:8 [([(   D:9 *   D:11 *=%   D:12 [   D:14 [[*[   Orc:1 %:   Orc:2 ![=*
Elf:3 (   Shoals:2 *

Annotations:
Elf:3 exclusion: door


Innate Abilities, Weirdness & Mutations

You can breathe blasts of fire.
Your fiery red scales are hard. (AC +11)
You cannot fit into any form of body armour.
Your flesh is heat resistant. (rF+)
You are cold-blooded and may be slowed by cold attacks.
You have a beak for a mouth.
You have sharp toenails.
Your mind is acute. (Int +2)
You are resistant to hostile enchantments. (MR+)
You are covered in fur. (AC +1)


Message History

The tentacled monstrosity is engulfed in blazing flames.
The tentacled monstrosity tentacle-slaps your fire vortex! x2
Your fire vortex dissipates!
The vault warden is engulfed in blazing flames.
You kill the vault warden!
Vehumet accepts your kill.
The runic seals fade away.
The stone giant hits your fire vortex!
The ironheart preserver is engulfed in blazing flames.
You block the ironheart preserver's attack.
The vault warden is engulfed in blazing flames.
The vault warden hits your fire vortex with a long sword!!
Your fire vortex dissipates!
The entropy weaver is engulfed in blazing flames.
The entropy weaver mumbles some strange words.
The entropic weave corrodes you!
The war gargoyle is engulfed in blazing flames.
The war gargoyle barely misses you. The ironheart preserver misses you.
The shadow dragon breathes negative energy at you.
The bolt of negative energy hits you!
You feel drained.
You die...

#....# # #...(#
#. #.§§§# ##
###..#.v§v# §§
.)...#.*§a#C###
.[..G..C§Cpvv§.
####.Dp9Q§§§###
.....X§@p§§v§§.
.....§<§§§v§§v.
....§§v§§.§.[..
.....§§[v.C....
####§§§[v§§e###
..§.§§§...#
##§#§.§§#p..#
#+#....##...


You could see a shadow dragon, a tentacled monstrosity, 2 ironheart preservers,
2 titans, a fire giant, a stone giant, a vault warden, a tengu reaver, an
entropy weaver, a hell knight, a glowing orange brain, a war gargoyle, a deep
elf mage, a battlesphere and 10 friendly fire vortices.

Vanquished Creatures
  A bone dragon (Vaults:2)
  Rupert (D:12)
  An Ice Fiend (IceCv)
  A deep elf master archer (Elf:3)
  2 deep elf blademasters (Elf:3)
  A kraken (Shoals:2)
  Polyphemus (Shoals:2)
  Kirke (Lair:3)
  A fire giant (Vaults:3)
  3 ghost moths
  8 deep elf sorcerers
  Ilsuiw (Shoals:2)
  3 frost giants
  2 ghouls (Vaults:4)
  A deep elf elementalist (Elf:3)
  An orc warlord (D:14)
  5 emperor scorpions
  11 ironheart preservers
  10 vault wardens
  2 war gargoyles
  13 deep elf demonologists
  5 stone giants
  7 entropy weavers
  The ghost of altajko the Spear-Bearer, a journeyman OgWz of Ashenzari (D:12)
  2 deep elf annihilators
  A dire elephant (Lair:6)
  The ghost of Nicoed the Fighter, a journeyman OpFi of Okawaru (Orc:2)
  A spark wasp (Spider:4)
  9 deep elf death magi
  6 merfolk javelineers
  2 ettins
  4 deep elf high priests
  8 merfolk impalers
  3 fire dragons
  6 yaktaur captains
  A ragged hierophant (Desolation)
  Fannar (D:10)
  A fire dragon (shapeshifter) (Vaults:4)
  Erolcha (D:12)
  7 hydras
  4 ice dragons
  36 vault guards
  4 merfolk avatars
  2 servants of whispers (Desolation)
  2 catoblepae
  3 rakshasas (Vaults:2)
  12 centaur warriors
  4 merfolk aquamancers
  36 two-headed ogres
  27 dancing weapons
  The ghost of ThereIsNoGod the Geomancer, a journeyman SpEE of Sif Muna (Lair:2)
  3 death knights
  3 satyrs
  The ghost of ThereIsNoGod the Geomancer, a journeyman SpEE of Sif Muna (Lair:2)
  11 death yaks
  13 ogre magi
  2 tengu warriors
  31 deep elf knights
  Nergalle (D:12)
  The ghost of Exporg the Archer, a novice CeHu of Qazlal (D:7)
  3 skeletal warriors (D:14)
  2 iron trolls (D:12)
  A death drake (shapeshifter) (Vaults:3)
  3 unseen horrors
  5 deep trolls
  18 sea snakes
  2 flayed ghosts
  An unseen horror (shapeshifter) (Vaults:3)
  A glowing orange brain (Vaults:2)
  21 ironbrand convokers
  An orange crystal statue (Elf:1)
  3 wizards
  A lindwurm (Lair:5)
  12 harpies
  5 phantasmal warriors
  2 necromancers (Vaults:3)
  A harpy (shapeshifter) (Vaults:4)
  17 deep elf archers
  21 orb spiders
  17 orc knights
  4 orc sorcerers
  An orb spider (shapeshifter) (Vaults:4)
  98 deep elf magi
  24 ugly things
  40 wolf spiders
  5 fauns
  13 cyclopes
  15 manticores
  A moth of wrath (shapeshifter) (Vaults:3)
  2 moths of wrath
  A fire giant skeleton (Vaults:4)
  4 black mambas
  14 vault sentinels
  2 centaur zombies
  11 merfolk sirens
  A water nymph (Shoals:4)
  A torpor snail (Spider:2)
  An ice statue (IceCv)
  4 elephants
  4 guardian serpents
  4 gargoyles
  A water nymph (shapeshifter) (Elf:3)
  21 spiny frogs
  5 kobold demonologists
  7 komodo dragons
  4 rime drakes (Lair:6)
  10 demonic crawlers
  2 komodo dragons (shapeshifter)
  26 yaktaurs
  3 anaconda simulacra (IceCv)
  2 golden dragon simulacra (IceCv)
  5 freezing wraiths
  A merfolk (shapeshifter) (Elf:3)
  4 ice devils (IceCv)
  A tengu conjurer (D:14)
  14 trolls
  A wind drake (shapeshifter) (Elf:3)
  53 jumping spiders
  7 polar bears
  17 merfolk
  8 wind drakes
  18 saltlings
  23 blink frogs
  3 hornets (shapeshifter)
  An ettin zombie (Vaults:3)
  12 hornets
  8 dream sheep
  Prince Ribbit (D:7)
  20 hippogriffs
  2 stone giant simulacra
  14 snapping turtles
  18 slime creatures
  A vampire (D:12)
  93 redbacks
  2 shadows
  2 spriggans
  An ettin skeleton (Vaults:3)
  2 air elementals
  34 tarantellas
  2 wraiths
  5 wyverns
  A dire elephant simulacrum (IceCv)
  2 fire elementals (Elf:3)
  9 water elementals
  61 yaks
  5 hungry ghosts
  A basilisk (shapeshifter) (Vaults:3)
  2 death yak simulacra (IceCv)
  3 hogs
  6 vampire mosquitoes
  9 wargs
  2 harpy simulacra (IceCv)
  3 hydra simulacra (IceCv)
  Duvessa (D:7)
  11 water moccasins
  A soldier ant (shapeshifter) (Vaults:3)
  2 iron troll simulacra (IceCv)
  9 porcupines
  6 phantoms
  57 orc warriors
  3 sky beasts
  2 ettin simulacra (IceCv)
  A black bear (Lair:5)
  3 ice beasts
  33 ogres
  An eye of draining (D:13)
  37 centaurs
  16 wolves
  20 crocodiles
  Blork the orc (D:5)
  8 big kobolds
  A wyvern zombie (D:6)
  14 bullfrogs
  2 earth elementals
  A water moccasin zombie (D:11)
  A human skeleton (Vaults:3)
  A wyvern skeleton (D:14)
  Dowan (D:7)
  6 scorpions
  6 killer bees (D:10)
  A swamp dragon simulacrum (IceCv)
  2 elephant simulacra (IceCv)
  10 electric eels
  14 wights
  2 howler monkeys
  8 crimson imps
  3 draconian simulacra (IceCv)
  5 jellies
  Crazy Yiuf (D:4)
  15 hounds
  A quasit (D:7)
  5 bullfrog skeletons
  18 orc priests
  The ghost of Gorglomux the Ducker, a weakling FeTm (D:3)
  7 centaur skeletons
  27 orc wizards
  Jessica (D:3)
  5 iguanas
  7 hell rats (Lair:2)
  Natasha (thrice) (D:2)
  2 polar bear simulacra (IceCv)
  6 troll simulacra (IceCv)
  7 worker ants
  A hound zombie (D:6)
  2 hound skeletons
  7 gnolls
  2 howler monkey skeletons
  2 howler monkey zombies (D:10)
  6 ogre simulacra (IceCv)
  12 adders
  3 naga simulacra (IceCv)
  A river rat (shapeshifter) (Elf:2)
  10 river rats (Lair:2)
  6 shadow imps
  4 white imps (IceCv)
  7 ufetubi (IceCv)
  10 oozes
  2 adder skeletons
  3 worms
  A dart slug (D:2)
  6 leopard geckos
  101 orcs
  4 giant cockroaches
  9 goblins
  4 hobgoblins
  12 jackals
  7 quokkas
  A ball python (D:1)
  A ball python skeleton (D:4)
  21 bats
  4 frilled lizards
  A goblin skeleton (D:5)
  2 goblin zombies (D:5)
  2 hobgoblin zombies (D:5)
  31 kobolds
  2 kobold skeletons (D:5)
  2 leopard gecko skeletons
  An orc skeleton (D:5)
  A quokka zombie (D:10)
  19 rats
  A bush (Lair:6)
  3 fungi
  8 plants
  4 tentacles (Shoals:2)
2001 creatures vanquished.

Vanquished Creatures (collateral kills)
  A deep elf master archer (Elf:3)
  A vault warden (Vaults:5)
  A deep elf high priest (Elf:1)
  A vault guard (Vaults:5)
4 creatures vanquished.

Vanquished Creatures (others)
  A deep elf elementalist (Elf:3)
  4 yaktaur captains
  A centaur warrior (D:14)
  A deep elf archer (Elf:1)
  3 cyclopes
  A faun (Shoals:3)
  A spiny frog (Lair:5)
  3 yaktaurs (Vaults:3)
  An ufetubus (IceCv)
  4 bushes (Lair:5)
  33 fire vortices
  10 fungi
  11 plants
  3 tentacles (Shoals:2)
  9 toadstools (D:2)
86 creatures vanquished.

Grand Total: 2091 creatures vanquished

Notes
Turn   | Place    | Note
-------+----------+-------------------------------------------
     0 | D:1      | skittles the Draconian Fire Elementalist began the quest for the Orb.
     0 | D:1      | Reached XP level 1. HP: 14/14 MP: 3/3
   412 | D:1      | Reached XP level 2. HP: 20/20 MP: 3/5
   780 | D:1      | Reached XP level 3. HP: 19/26 MP: 7/7
  1716 | D:2      | Noticed Natasha
  1723 | D:2      | Killed Natasha
  1723 | D:2      | Reached XP level 4. HP: 19/33 MP: 3/8
  1883 | D:2      | Reached skill level 4 in Fire Magic
  1886 | D:2      | Reached XP level 5. HP: 13/38 MP: 2/10
  2212 | D:2      | Noticed Natasha
  2218 | D:2      | Killed Natasha
  2377 | D:2      | Noticed Natasha
  2392 | D:2      | Killed Natasha
  2740 | D:3      | Learned a level 3 spell: Conjure Flame
  2745 | D:3      | Learned a level 4 spell: Sticky Flame
  2807 | D:3      | Noticed Jessica
  2819 | D:3      | Killed Jessica
  2972 | D:3      | Noticed Gorglomux's ghost (weakling FeTm)
  3213 | D:3      | Killed Gorglomux's ghost
  3213 | D:3      | Reached XP level 6. HP: 43/45 MP: 6/11
  3957 | D:3      | Found a deep blue altar of Sif Muna.
  4113 | D:4      | Reached skill level 5 in Fire Magic
  4113 | D:4      | Your scales start taking on a fiery red colour.
  4113 | D:4      | Reached skill level 6 in Fire Magic
  4113 | D:4      | Reached XP level 7. HP: 50/50 MP: 2/13
  4113 | D:4      | Gained mutation: Your flesh is heat resistant. (rF+) [Red Draconian growth]
  4288 | D:4      | Found a blossoming altar of Fedhas.
  4696 | D:4      | Found a runed door.
  4785 | D:4      | Reached skill level 5 in Conjurations
  4840 | D:4      | Learned a level 5 spell: Fireball
  4856 | D:4      | Noticed Crazy Yiuf
  4859 | D:4      | Killed Crazy Yiuf
  4859 | D:4      | Reached skill level 5 in Spellcasting
  4947 | D:5      | Entered Level 5 of the Dungeon
  5044 | D:5      | Found a glowing golden altar of the Shining One.
  5203 | D:5      | Reached skill level 7 in Fire Magic
  5454 | D:5      | Reached XP level 8. HP: 39/57 MP: 9/16
  5678 | D:5      | Noticed Blork the orc
  5687 | D:5      | Killed Blork the orc
  6352 | D:6      | Reached skill level 8 in Fire Magic
  7233 | D:6      | Reached XP level 9. HP: 62/62 MP: 13/19
  7550 | D:6      | Reached skill level 9 in Fire Magic
  7767 | D:7      | Noticed Exporg's ghost (novice CeHu)
  8266 | D:7      | Killed Exporg's ghost
  8266 | D:7      | Reached skill level 10 in Fire Magic
  8443 | D:7      | Noticed Dowan
  8547 | D:7      | Noticed Duvessa
  8556 | D:7      | Killed Duvessa
  8561 | D:7      | Killed Dowan
  8823 | D:7      | Noticed Prince Ribbit
  8832 | D:7      | Killed Prince Ribbit
  8832 | D:7      | Reached XP level 10. HP: 47/69 MP: 11/20
  9019 | D:7      | Found a staircase to the Ecumenical Temple.
  9034 | Temple   | Entered the Ecumenical Temple
  9127 | Temple   | Became a worshipper of Vehumet
  9240 | D:7      | Reached skill level 11 in Fire Magic
  9653 | D:8      | Noticed a centaur warrior
  9657 | D:8      | Killed a centaur warrior
  9847 | D:8      | Found Xoff's Antique Armour Shoppe.
  9858 | D:8      | Bought a pair of glowing gloves for 225 gold pieces
  9999 | D:8      | Reached * piety under Vehumet
  9999 | D:8      | Offered knowledge of Magic Dart by Vehumet.
 10049 | D:8      | Learned a level 1 spell: Magic Dart
 10124 | D:8      | Reached skill level 10 in Conjurations
 10131 | D:8      | Reached skill level 12 in Fire Magic
 10331 | D:8      | Found Hedumoh's Weapon Shop.
 10442 | D:8      | Noticed a two-headed ogre
 10450 | D:8      | Killed a two-headed ogre
 10640 | D:8      | Found Xasu's Antique Armour Shop.
 10643 | D:8      | Bought a jewelled buckler for 285 gold pieces
 10648 | D:8      | Identified the +1 buckler of Famih {rF+} (You bought it in a shop on level 8 of the Dungeon)
 10679 | D:8      | Found Ythrat's Antique Weapon Shop.
 10850 | D:8      | Reached skill level 1 in Shields
 11135 | D:9      | Reached XP level 11. HP: 60/74 MP: 16/21
 11194 | D:9      | Noticed a dagger
 11194 | D:9      | Noticed a dagger
 11200 | D:9      | Found a hide-covered altar of Uskayaw.
 11310 | D:9      | Found Acyos's General Store.
 11496 | D:9      | Offered knowledge of Freeze by Vehumet.
 11718 | D:10     | Entered Level 10 of the Dungeon
 11718 | D:10     | Found a sparkling altar of Nemelex Xobeh.
 11723 | D:10     | Reached ** piety under Vehumet
 11846 | D:10     | Noticed Fannar
 12088 | D:10     | Killed Fannar
 12088 | D:10     | Reached skill level 13 in Fire Magic
 12439 | D:10     | Found a runed door.
 12984 | D:10     | Gained mutation: You can translocate small distances at will. [potion of mutation]
 12984 | D:10     | Gained mutation: You have a pair of small antennae on your head. [potion of mutation]
 13200 | D:10     | Offered knowledge of Ignite Poison by Vehumet.
 13382 | D:11     | Found Amemn's Jewellery Boutique.
 13626 | D:11     | Found Zaler's Food Boutique.
 13634 | D:11     | Reached *** piety under Vehumet
 13899 | D:11     | Found a staircase to the Lair.
 14070 | D:11     | Reached skill level 14 in Fire Magic
 14094 | D:11     | Found a staircase to the Orcish Mines.
 14105 | D:11     | Found Hoetota's Assorted Antiques.
 14115 | D:11     | Bought a pitted battleaxe for 310 gold pieces
 14120 | D:11     | Identified the cursed +1 battleaxe of Glory {protect, Str+2} (You bought it in a shop on level 11 of the Dungeon)
 14592 | Orc:1    | Entered Level 1 of the Orcish Mines
 14912 | Orc:1    | Offered knowledge of Olgreb's Toxic Radiance by Vehumet.
 15152 | Orc:2    | Entered Level 2 of the Orcish Mines
 15495 | D:12     | Noticed a two-headed ogre
 15499 | D:12     | Killed a two-headed ogre
 15499 | D:12     | Reached XP level 12. HP: 81/81 MP: 6/23
 15834 | D:12     | Noticed altajko's ghost (journeyman OgWz)
 16564 | D:12     | Killed altajko's ghost
 16807 | D:12     | Reached skill level 15 in Fire Magic
 16815 | D:12     | Reached **** piety under Vehumet
 17006 | Lair:1   | Entered Level 1 of the Lair of Beasts
 17105 | Lair:1   | Offered knowledge of Iskenderun's Battlesphere by Vehumet.
 17521 | Lair:1   | Learned a level 5 spell: Iskenderun's Battlesphere
 18583 | Lair:2   | Noticed ThereIsNoGod's ghost (journeyman SpEE)
 18583 | Lair:2   | Noticed ThereIsNoGod's ghost (journeyman SpEE)
 18655 | Lair:2   | Killed ThereIsNoGod's ghost
 18655 | Lair:2   | Killed ThereIsNoGod's ghost
 18837 | Lair:2   | Reached XP level 13. HP: 79/86 MP: 21/26
 19042 | Lair:2   | Reached ***** piety under Vehumet
 19057 | Lair:2   | Offered knowledge of Irradiate by Vehumet.
 19652 | D:11     | Bought an uncursed ring of fire for 375 gold pieces
 19658 | D:11     | Learned a level 3 spell: Mephitic Cloud
 19762 | Lair:2   | Reached skill level 10 in Spellcasting
 19921 | Lair:2   | Found a staircase to the Shoals.
 19931 | Lair:2   | Reached skill level 16 in Fire Magic
 20865 | Lair:4   | Reached skill level 1 in Fighting
 21861 | Lair:4   | Found a hole to the Spider Nest.
 22089 | Lair:5   | Noticed Kirke
 22332 | Lair:3   | Killed Kirke
 22460 | Lair:5   | Offered knowledge of Yara's Violent Unravelling by Vehumet.
 23147 | Lair:5   | Reached XP level 14. HP: 80/104 MP: 28/28
 23490 | Lair:5   | Reached skill level 5 in Fighting
 23637 | Lair:6   | Entered Level 6 of the Lair of Beasts
 24006 | Lair:6   | Offered knowledge of Ozocubu's Refrigeration by Vehumet.
 24006 | Lair:6   | Reached skill level 17 in Fire Magic
 24409 | Lair:6   | Reached skill level 5 in Dodging
 25251 | Lair:6   | Found a staircase to the Slime Pits.
 25798 | Lair:1   | Lost mutation: You have a pair of small antennae on your head. [potion of mutation]
 25798 | Lair:1   | Lost mutation: You can translocate small distances at will. [potion of mutation]
 25798 | Lair:1   | Gained mutation: You are robust. (+10% HP) [potion of mutation]
 25798 | Lair:1   | Gained mutation: You are clumsy. (Dex -2) [potion of mutation]
 25798 | Lair:1   | Gained mutation: Your mind is acute. (Int +2) [potion of mutation]
 25798 | Lair:1   | Gained mutation: Your mind is very acute. (Int +4) [potion of mutation]
 25806 | Lair:1   | Learned a level 6 spell: Freezing Cloud
 26053 | Orc:2    | Found a staircase to the Elven Halls.
 26136 | Orc:1    | Found Zoafad's Food Emporium.
 26321 | Orc:1    | Found Kickuse's Book Shoppe.
 26758 | Orc:2    | Offered knowledge of Venom Bolt by Vehumet.
 26763 | Orc:2    | Noticed Nicoed's ghost (journeyman OpFi)
 26767 | Orc:2    | Killed Nicoed's ghost
 27166 | Orc:2    | Reached XP level 15. HP: 129/129 MP: 30/30
 27444 | Orc:2    | Found Ami Vif's Jewellery Boutique.
 27444 | Orc:2    | Found Efymaa's Antique Armour Shoppe.
 27446 | Orc:2    | Found Puemike's Distillery.
 27448 | Orc:2    | Found Fapu's Assorted Antiques.
 27462 | Orc:2    | Bought the ring "Gusuuk" {Fire MR+ Str+2} for 752 gold pieces
 27462 | Orc:2    | Bought a +3 amulet of reflection for 282 gold pieces
 27837 | D:11     | Learned a level 5 spell: Venom Bolt
 27883 | D:12     | Noticed Nergalle
 27895 | D:12     | Killed Nergalle
 27895 | D:12     | Reached skill level 15 in Conjurations
 27903 | D:12     | Noticed Rupert
 28000 | D:12     | Paralysed by Rupert for 6 turns
 28030 | D:12     | Paralysed by Rupert for 6 turns
 28036 | D:12     | Killed Rupert
 28285 | D:12     | Found Opleben's Armour Emporium.
 28315 | D:12     | Noticed Erolcha
 28318 | D:12     | Killed Erolcha
 29710 | D:13     | Offered knowledge of Conjure Ball Lightning by Vehumet.
 29829 | D:13     | Lost mutation: You are clumsy. (Dex -2) [potion of mutation]
 29829 | D:13     | Lost mutation: You are robust. (+10% HP) [potion of mutation]
 29829 | D:13     | Gained mutation: You have a pair of small antennae on your head. [potion of mutation]
 29829 | D:13     | Gained mutation: You possess an exceptional clarity of mind. [potion of mutation]
 29983 | D:14     | Found Imosuk's Antique Armour Boutique.
 29992 | D:14     | Bought a pair of shimmering boots for 256 gold pieces
 29997 | D:14     | Identified the +0 pair of boots of the Fiddle {*Contam Int+5 Dex+7} (You bought it in a shop on level 14 of the Dungeon)
 30250 | D:14     | Found Vuodd's Assorted Antiques.
 30259 | D:14     | Found Tiestisi's Armour Emporium.
 30260 | D:14     | Found Riost's Antique Armour Shop.
 30410 | D:14     | Got a slimy trident {speed}
 30453 | D:14     | Identified the +8 trident of the Battered Lovers {speed, rN+ Str+3} (You took it off an orc warrior on level 14 of the Dungeon)
 30490 | D:14     | Reached skill level 18 in Fire Magic
 30745 | D:14     | Found an iron altar of Okawaru.
 30745 | D:14     | Noticed an orc warlord
 31130 | D:14     | Gained mutation: Scrolls take you a little longer to read. [mutagenic glow]
 31131 | D:14     | Lost mutation: You possess an exceptional clarity of mind. [potion of mutation]
 31131 | D:14     | Lost mutation: You have a pair of small antennae on your head. [potion of mutation]
 31131 | D:14     | Gained mutation: You are occasionally teleported next to monsters. [potion of mutation]
 31131 | D:14     | Gained mutation: You are covered in fur. (AC +1) [potion of mutation]
 31131 | D:14     | Lost mutation: You are occasionally teleported next to monsters. [potion of mutation]
 31131 | D:14     | Gained mutation: You are agile. (Dex +2) [potion of mutation]
 31177 | D:14     | Killed an orc warlord
 31727 | D:14     | Found a gate to the Vaults.
 31856 | D:15     | Entered Level 15 of the Dungeon
 32100 | D:15     | Reached XP level 16. HP: 90/132 MP: 27/32
 32628 | D:15     | Reached skill level 10 in Fighting
 33351 | D:15     | Lost mutation: Scrolls take you a little longer to read. [potion of mutation]
 33351 | D:15     | Lost mutation: You are agile. (Dex +2) [potion of mutation]
 33351 | D:15     | Lost mutation: Your mind is very acute. (Int +4) [potion of mutation]
 33351 | D:15     | Gained mutation: You are resistant to hostile enchantments. (MR+) [potion of mutation]
 33351 | D:15     | Gained mutation: You have sharp toenails. [potion of mutation]
 33351 | D:15     | Gained mutation: You have a beak for a mouth. [potion of mutation]
 33521 | D:15     | Found a staircase to the Depths.
 33959 | D:8      | Bought an embroidered scarf for 240 gold pieces
 34216 | Shoals:1 | Entered Level 1 of the Shoals
 35931 | Shoals:2 | Noticed Polyphemus
 35938 | Shoals:2 | Killed Polyphemus
 36087 | Shoals:2 | Offered knowledge of Bolt of Fire by Vehumet.
 36188 | Shoals:2 | Learned a level 6 spell: Bolt of Fire
 36478 | Shoals:2 | Found Hanaymm's General Store.
 36483 | Shoals:2 | Bought a scroll of identify for 32 gold pieces
 36483 | Shoals:2 | Identified a scroll of acquirement
 36786 | D:14     | Bought a scroll of blinking for 187 gold pieces
 36786 | D:14     | Bought a shimmering jade ring for 125 gold pieces
 36787 | D:14     | Identified the ring "Xoluck" {+Fly rN+} (You bought it in a shop on level 14 of the Dungeon)
 37011 | Shoals:2 | Noticed a kraken
 37015 | Shoals:2 | Killed a kraken
 37798 | Shoals:3 | Noticed Ilsuiw
 37809 | Shoals:2 | Killed Ilsuiw
 38564 | Shoals:3 | Reached XP level 17. HP: 142/144 MP: 34/34
 38792 | Shoals:3 | Reached skill level 19 in Fire Magic
 39150 | Shoals:4 | Entered Level 4 of the Shoals
 39595 | Shoals:4 | Learned a level 2 spell: Blink
 39753 | Shoals:4 | Offered knowledge of Orb of Destruction by Vehumet.
 39764 | Shoals:4 | Learned a level 7 spell: Orb of Destruction
 41294 | Shoals:4 | Got a barnacled rune of Zot
 41307 | Shoals:4 | Reached skill level 10 in Dodging
 41962 | D:11     | Bought an uncursed ring of poison resistance for 300 gold pieces
 42453 | Spider:1 | Entered Level 1 of the Spider Nest
 42740 | Spider:1 | Identified a +2 pair of boots of running (You found it on level 1 of the Spider Nest)
 42898 | Spider:1 | Reached ****** piety under Vehumet
 42947 | Spider:1 | Offered knowledge of Fire Storm by Vehumet.
 42947 | Spider:1 | Offered knowledge of Tornado by Vehumet.
 42947 | Spider:1 | Offered knowledge of Ignition by Vehumet.
 44961 | Spider:2 | Reached XP level 18. HP: 116/155 MP: 31/35
 47457 | Spider:2 | Reached skill level 20 in Fire Magic
 48511 | Spider:4 | Entered Level 4 of the Spider Nest
 51667 | Spider:4 | Got a gossamer rune of Zot
 52065 | Vaults:1 | Entered Level 1 of the Vaults
 52178 | Vaults:1 | Got a translucent mace
 52179 | Vaults:1 | Identified the +3 mace "Goblin's Nightmare" {crush, Int+2 Stlth+} (You found it on level 1 of the Vaults)
 52603 | Vaults:1 | Reached XP level 19. HP: 89/161 MP: 37/37
 53847 | Vaults:1 | Reached skill level 15 in Spellcasting
 55218 | Vaults:2 | Noticed a bone dragon
 55252 | Vaults:2 | Killed a bone dragon
 55416 | Vaults:2 | Found a staircase to the Crypt.
 57129 | Vaults:3 | Reached XP level 20. HP: 155/169 MP: 8/40
 59388 | Vaults:3 | Learned a level 9 spell: Fire Storm
 59790 | Vaults:4 | Found a ruined gateway.
 59824 | Desolati | Entered the Desolation of Salt
 61106 | Vaults:4 | Reached XP level 21. HP: 176/176 MP: 39/42
 61249 | Vaults:4 | Reached skill level 21 in Fire Magic
 61922 | Elf:1    | Entered Level 1 of the Elven Halls
 62030 | Elf:1    | Found a frozen archway.
 62089 | IceCv    | Entered an ice cave
 62581 | IceCv    | Got a crude quarterstaff
 63008 | IceCv    | Got a shimmering scimitar
 63399 | Elf:1    | Found a transporter.
 63456 | Elf:1    | Identified the +6 scimitar of Annihilation {pain, +Fly rElec} (You found it in an ice cave)
 63457 | Elf:1    | Identified the +5 quarterstaff "Ravo" {holy, Str+5 Stlth+} (You found it in an ice cave)
 63571 | Elf:1    | Reached skill level 5 in Shields
 63868 | Elf:1    | Found a transporter.
 64173 | Elf:2    | Reached skill level 1 in Polearms
 64543 | Elf:2    | Found a runed gate.
 64544 | Elf:2    | Found a runed gate.
 64545 | Elf:2    | Found a runed gate.
 65537 | Elf:2    | Reached skill level 5 in Polearms
 66104 | Elf:3    | Entered Level 3 of the Elven Halls
 66278 | Elf:3    | Got an ichor-stained dagger
 66279 | Elf:3    | Identified the cursed +1 dagger of Fear {pierce, rElec MR- Int-3 Dex+6} (You found it on level 3 of the Elven Halls)
 66296 | Elf:3    | Found Lic Rimo's Weapon Shoppe.
 66309 | Elf:3    | Found a shimmering altar of Xom.
 67010 | Elf:3    | Reached XP level 22. HP: 155/183 MP: 33/44
 67233 | Elf:3    | Got an ancient broad axe {chop}
 67355 | Elf:3    | Got a steaming glaive {freeze}
 67518 | Elf:3    | Reached skill level 22 in Fire Magic
 67547 | Elf:3    | Got an ivory dagger {distort}
 67696 | Elf:3    | Got a pitted scimitar {slice}
 67783 | Elf:3    | Got a pitted granite ring
 67981 | Elf:3    | Identified the ring of Happiness {rN+ MR+ Stlth+} (You took it off a deep elf high priest on level 3 of the Elven Halls)
 67984 | Elf:3    | Identified the +10 glaive "Getiuw" {freeze, -Tele rElec rF++} (You took it off a deep elf death mage on level 3 of the Elven Halls)
 67988 | Elf:3    | Identified the +11 broad axe of False Hope {chop, rF+ rN+ Str+5} (You took it off a deep elf death mage on level 3 of the Elven Halls)
 67990 | Elf:3    | Identified the cursed +1 scimitar of the Heavens {slice, -Tele rC- Int+5} (You took it off a deep elf demonologist on level 3 of the Elven Halls)
 68628 | Vaults:5 | Entered Level 5 of the Vaults
 68962 | Vaults:5 | Killed from afar by a shadow dragon

Skill      XL: |  1  2  3  4  5  6  7  8  9 10 11 12 13 14 15 16 17 18 19 20 21 22 |
---------------+-------------------------------------------------------------------+-----
Conjurations   | 2 3 4 5 6 9 10 12 13 14 15 16 17 19 20 21 | 21.4
Spellcasting   | 3 4 5 6 7 9 10 11 12 13 14 16 17 18 | 18.8
Fire Magic     | 4 6 7 8 10 12 14 15 16 17 18 19 20 21 22 | 22.3
Shields        | 1 4 7 8 |  8.6
Dodging        | 3 6 7 9 10 11 12 | 12.0
Fighting       | 4 7 9 11 12 | 12.4
Polearms       | 6 9 |  9.3
Stealth        | |  1.7

Action                   |  1- 3 |  4- 6 |  7- 9 | 10-12 | 13-15 | 16-18 | 19-21 | 22-24 || total
-------------------------+-------+-------+-------+-------+-------+-------+-------+-------++-------
Melee: Unarmed           |    23 |       |       |       |       |       |       |       ||    23
       Short sword       |    15 |       |       |       |       |       |       |       ||    15
       Tailslap          |    12 |    12 |    17 |    56 |    18 |    85 |    14 |       ||   214
       Mace              |    27 |       |   151 |   257 |       |       |       |       ||   435
       Falchion          |    29 |    37 |       |       |       |       |       |       ||    66
       Hand axe          |       |    72 |    27 |       |       |       |       |       ||    99
       Halberd           |       |       |       |     6 |       |       |       |       ||     6
       Demon trident     |       |       |       |   116 |   100 |    90 |    86 |     2 ||   394
       Flail             |       |       |       |     6 |       |       |       |       ||     6
       Staff             |       |       |       |       |    84 |    82 |    26 |       ||   192
       Trident           |       |       |       |       |       |   371 |       |       ||   371
       Peck              |       |       |       |       |       |    94 |    17 |       ||   111
 Cast: Flame Tongue      |    21 |    65 |   101 |   209 |   275 |    35 |       |       ||   706
       Conjure Flame     |       |     1 |     2 |     9 |     3 |     1 |     1 |       ||    17
       Sticky Flame      |       |     4 |    37 |    85 |    97 |   100 |    15 |     3 ||   341
       Fireball          |       |       |     2 |    60 |   381 |   262 |   154 |     1 ||   860
       Magic Dart        |       |       |       |     1 |    11 |     2 |       |       ||    14
       Iskenderun's Batt |       |       |       |       |     8 |     7 |       |       ||    15
       Mephitic Cloud    |       |       |       |       |     1 |       |       |       ||     1
       Venom Bolt        |       |       |       |       |    18 |    32 |       |       ||    50
       Bolt of Fire      |       |       |       |       |       |   343 |   487 |    69 ||   899
       Freezing Cloud    |       |       |       |       |       |     1 |     4 |       ||     5
       Orb of Destructio |       |       |       |       |       |       |    57 |       ||    57
       Fire Storm        |       |       |       |       |       |       |     3 |    19 ||    22
       Blink             |       |       |       |       |       |       |       |     1 ||     1
 Abil: Breathe Fire      |       |       |     1 |     7 |     9 |    13 |     4 |       ||    34
Evoke: Wand              |       |       |       |       |       |     1 |     1 |       ||     2
  Use: Scroll            |       |       |     6 |    13 |    19 |    20 |     6 |     3 ||    67
       Potion            |       |       |       |     2 |     3 |     4 |     1 |     2 ||    12
 Stab: Sleeping          |     4 |     1 |       |       |     1 |     2 |       |       ||     8
       Distracted        |       |     1 |       |       |       |       |       |       ||     1
  Eat: Chunk             |     3 |     8 |    11 |    49 |    93 |   112 |   114 |     8 ||   398
       Fruit             |       |       |     4 |     4 |    14 |    18 |     7 |       ||    47
       Royal jelly       |       |       |     2 |       |       |    14 |     3 |     1 ||    20
       Bread ration      |       |       |     1 |     1 |       |     4 |     3 |     1 ||    10
       Meat ration       |       |       |       |       |       |     1 |       |       ||     1
Armor: Skin              |    70 |    62 |    96 |   248 |   129 |   310 |    40 |     7 ||   962
Dodge: Dodged            |   120 |   150 |   242 |   314 |   237 |   679 |   125 |    35 ||  1902
Block: Buckler           |       |       |       |   132 |   144 |   551 |   110 |    27 ||   964
       Reflection        |       |       |       |       |     6 |    26 |    30 |     6 ||    68
       Rpst.: Falchion   |     7 |    19 |       |       |       |       |       |       ||    26
